 Dungeon Crawl Stone Soup version 0.31-a0-858-g469dc525a8 (webtiles) character file.

Game seed: 11187327660751236847

129 BritishOli the Trooper (level 4, -3/37 HPs)
             Began as a Demonspawn Fighter on Oct 9, 2023.
             Slain by a lemure (6 damage)
             ... led by Pikel
             ... on level 3 of the Dungeon.
             The game lasted 00:01:48 (2359 turns).

BritishOli the Trooper (Demonspawn Fighter)         Turns: 2359, Time: 00:01:48

Health: -3/37      AC:  0    Str: 18    XL:     4   Next: 88%
Magic:  4/4        EV: 13    Int: 10    God:
Gold:   113        SH:  0    Dex: 12    Spells: 3/3 levels left

rFire   . . .        a - melded +0 war axe
rCold   . . .        c - melded +0 buckler
rNeg    . . .        b - melded +0 scale mail
rPois   .            (helmet currently unavailable)
rElec   .            (cloak currently unavailable)
rCorr   .            (gloves currently unavailable)
SInv    .            (boots currently unavailable)
Will    .....        (no amulet)
Stlth   +            k - melded ring of resist corrosion
HPRegen 0.26/turn    (ring currently unavailable)
MPRegen 0.09/turn

%: no passive effects
@: pig-form, very quick
A: fast, no casting, small, ignite blood 1
a: no special abilities


You were on level 3 of the Dungeon.
You were a filthy swine.
You visited 1 branch of the dungeon, and saw 4 of its levels.

You collected 113 gold pieces.

Inventory:

Hand Weapons
 a - a +0 war axe (melded)
Armour
 b - a +0 scale mail (melded)
 c - a +0 buckler (melded)
Jewellery
 k - a ring of resist corrosion (melded)
Scrolls
 f - a scroll of identify {unknown}
 j - 2 scrolls of teleportation {unknown}
 l - a scroll of enchant weapon {unknown}
 m - a scroll of silence {unknown}
 n - a scroll of noise {unknown}
 o - a scroll of immolation {unknown}
 p - a scroll of blinking {unknown}
 r - a scroll of brand weapon {unknown}
 s - a scroll of torment {unknown}
Potions
 d - 2 potions of might
 e - 2 potions of curing {unknown}
 g - a potion of lignification {unknown}
 h - a potion of magic {unknown}
 i - a potion of haste {unknown}
 q - a potion of heal wounds {unknown}
 t - a potion of brilliance {unknown}


   Skills:
 + Level 3.9 Fighting
 + Level 2.7 Axes
 + Level 3.5 Armour
 - Level 3.2 Shields


You had 3 spell levels left.
You didn't know any spells.
Your spell library contained the following spells:

 Spells                   Type           Power      Damage    Failure   Level
 Freeze                   Ice            0%         1d3       36%         1
 Frozen Ramparts          Ice            0%         1d1       75%         3
 Hailstorm                Conj/Ice       0%         3d3       75%         3


Dungeon Overview and Level Annotations

Branches:
Dungeon (4/15)
 Temple: D:4-7

Altars:
Kikubaaqudgha

Shops:
D:2 !

Annotations:
D:3 Pikel


Innate Abilities, Weirdness & Mutations

You are a filthy swine.
You move quickly.
Your equipment is almost entirely melded.
You are incapable of wielding weapons or throwing items.
You cannot cast spells.
Your demonic aura sometimes causes spilled blood to erupt in flames.


Message History

You closely miss the lemure.
The lemure is moderately wounded.
You hit the lemure. You closely miss Pikel. The lemure hits you.
Pikel hits you with a +0 whip of flaming!
Pikel burns you. The lemure barely misses you.
You hit Pikel.
Pikel is lightly wounded.
You hit the lemure. x2; You block the lemure's attack.
The lemure hits you.
Pikel hits you with a +0 whip of flaming.
Pikel burns you.
You miss Pikel.
Pikel is lightly wounded.
You closely miss the lemure. You completely miss the lemure.
The lemure hits you. The lemure barely misses you.
Pikel hits you but does no damage. The lemure hits you but does no damage.
The lemure barely misses you.
Pikel hits you with a +0 whip of flaming.
Pikel burns you.
You aren't carrying any items that you can evoke.
You hit Pikel.
Pikel is lightly wounded.
You hit the lemure. You barely miss the lemure. The lemure barely misses you.
Pikel zaps a wand.
You turn into a filthy swine.
Your +0 war axe melds into your body.
Your +0 buckler melds into your body.
Your +0 scale mail melds into your body.
Your ring of resist corrosion melds into your body.
The lemure barely misses you. The lemure hits you.
* * * LOW HITPOINT WARNING * * *
The lemure closely misses you.
Pikel hits you with a +0 whip of flaming.
* * * LOW HITPOINT WARNING * * *
Pikel burns you.
* * * LOW HITPOINT WARNING * * *
You climb upwards.
There is a stone staircase leading down here.
You hit Pikel.
Pikel is moderately wounded.
Pikel misses you. The lemure hits you.
You die...

...##.......# #.†.#
##..........# ##.###
###........# #..#
##.......# #.##
#####†......# ####.#
.....†......# #....#
..[.)#......#######.####
.....######....5.##†#
...............5hK..#
......###############
......############
......##.........#
......##.........#
#####..'.........#
####.........#
#.........# #....†....#


You could see Pikel and 2 lemures.

Vanquished Creatures
  5 adders
  4 worms (D:2)
  A dart slug (D:1)
  7 endoplasms
  3 giant cockroaches
  5 goblins (D:1)
  8 hobgoblins
  7 jackals
  2 kobolds (D:3)
  3 quokkas
  3 ball pythons
  8 bats
  3 frilled lizards
  8 rats
67 creatures vanquished.

Notes
Turn   | Place    | Note
-------+----------+-------------------------------------------
     0 | D:1      | BritishOli the Demonspawn Fighter began the quest for the
                  | Orb.
     0 | D:1      | Reached XP level 1. HP: 18/18 MP: 1/1
   199 | D:1      | Gained mutation: Your demonic aura sometimes causes spilled
                  | blood to erupt in flames. [demonic ancestry]
   199 | D:1      | Reached XP level 2. HP: 24/24 MP: 2/2
   527 | D:1      | Reached XP level 3. HP: 29/29 MP: 3/3
  1031 | D:2      | Found Sac Eq Ulel's Distillery.
  1136 | D:2      | Reached XP level 4. HP: 32/35 MP: 4/4
  1473 | D:2      | Found a faded altar of an unknown god.
  2277 | D:3      | Found an ancient bone altar of Kikubaaqudgha.
  2349 | D:4      | Noticed a lemure
  2349 | D:4      | Noticed a lemure
  2350 | D:4      | Noticed a lemure
  2350 | D:4      | Noticed Pikel
  2359 | D:3      | Slain by a lemure

Illustrated notes

Levels and vault maps discovered:
D:1:      psy_arrival_terrarium, layout_loops_ring
D:2:      layout_loops_ring, hellmonk_ecumenical_altar_inner_sanctum,
          serial_shops, shop
D:3:      layout_basic, lemuel_coloured_pillars_altar
D:4:      layout_loops_corners, nicolae_overflow_hidden_temple, trog_wizard,
          gammafunk_ghost_arena, dk_noncrumbling_3, kennysheep_path_1,
          uniq_robin, uniq_pikel, uniq_menkaure, uniq_ijyb

Skill      XL: |  1  2 |
---------------+-------+-----
Axes           | 2 |  2.7
Armour         | 3 |  3.5
Shields        | 3 |  3.2
Fighting       | |  3.9

Action                     |  1- 3 |  4- 6 || total
---------------------------+-------+-------++-------
  Melee: War axe           |   108 |    89 ||   197
         Unarmed           |       |     1 ||     1
 Armour: Scale mail        |    81 |    85 ||   166
         Skin              |       |     3 ||     3
  Dodge: Dodged            |    45 |    46 ||    91
  Block: Buckler           |    24 |    21 ||    45

Table legend: (Time is in decaauts)
 A = Elapsed time spent in this place.
 B = Non-inter-level travel time spent in this place.
 C = Inter-level travel time spent in this place.
 D = Time resting spent in this place.
 E = Time spent auto-exploring this place.
 F = Levels seen in this place.
 G = Mean time per level.
                   A        B        C        D        E       F      G
               +--------+--------+--------+--------+--------+-----+--------+
         Total |   2442 |   2394 |     48 |    196 |   1717 |   4 |  610.5 |
       Dungeon |   2442 |   2394 |     48 |    196 |   1717 |   4 |  610.5 |
               +--------+--------+--------+--------+--------+-----+--------+

Top non-repeatable levels by time:
     D:2: 969 daAuts
     D:1: 757 daAuts
     D:3: 704 daAuts
     D:4: 11 daAuts
